 Dungeon Crawl Stone Soup version 0.22.1-1-ga44c0e5 (webtiles) character file.

10552 juanjsm the Unseen (level 11, -2/50 HPs)
             Began as a Spriggan Enchanter on Oct 1, 2018.
             Was a High Priest of Okawaru.
             Slain by a stone giant (42 damage)
             ... on level 2 of the Orcish Mines on Oct 18, 2018.
             The game lasted 01:15:27 (11047 turns).

juanjsm the Unseen (Spriggan Enchanter)            Turns: 11047, Time: 01:15:28

Health: -2/50      AC:  4    Str:  4    XL:     11   Next: 37%
Magic:  6/27       EV: 18    Int: 20    God:    Okawaru [*****.]
Gold:   846        SH:  0    Dex: 17    Spells: 23/32 levels left

rFire    + + .     SeeInvis +   W - +0 dagger (venom)
rCold    + . .     Gourm    .   (shield restricted)
rNeg     . . .     Faith    .   A - +0 troll leather armour
rPois    +         Spirit   .   (helmet restricted)
rElec    .         Reflect  .   S - scarf {rC+ rF+}
rCorr    .         Harm     .   (gloves unavailable)
MR       +....                  (boots unavailable)
Stlth    ++++++....             P - amulet of regeneration
HPRegen  0.96/turn              x - ring of protection from cold
MPRegen  0.20/turn              D - ring of fire

@: very quick
A: very small, unfitting armour, see invisible, herbivore, speed 3, poison
resistance, slow metabolism 2, wild magic 2, MP-powered wands
a: Heroism, Finesse, Renounce Religion


You were on level 2 of the Orcish Mines.
You worshipped Okawaru.
Okawaru was extremely pleased with you.
You were not hungry.

You visited 3 branches of the dungeon, and saw 12 of its levels.

You collected 846 gold pieces.

Inventory:

Hand Weapons
 a - a +1 dagger
 m - a +0 hunting sling
 q - a +1 short sword of venom
 r - a +4 quarterstaff of chaos
 w - a +2 trident of venom
 y - a +2 dagger of holy wrath
 C - a +1 long sword of electrocution
 M - a cursed -1 broad axe
 N - a +3 spear
 Q - a cursed +2 war axe of freezing
 R - a +3 trident of piercing
 W - a +0 dagger of venom (weapon)
Missiles
 h - 32 sling bullets
 K - 5 throwing nets (quivered)
 L - 4 curare-tipped needles
Armour
 b - a +0 robe
 o - a +0 cloak
 A - a +0 troll leather armour (worn)
 S - a scarf of resistance (worn)
Magical Staves
 V - an uncursed staff of energy
Jewellery
 x - a ring of protection from cold (left hand)
 D - a ring of fire (right hand)
 P - an amulet of regeneration (around neck)
Wands
 s - a wand of iceblast (10)
 v - a wand of clouds (9)
 E - a wand of polymorph (21)
 H - a wand of paralysis (15)
 J - a wand of disintegration (18)
Scrolls
 c - a scroll of immolation {unknown}
 e - a scroll of identify
 j - 8 scrolls of remove curse
 l - 5 scrolls of teleportation {unknown}
 p - a scroll of enchant weapon {unknown}
 B - 2 scrolls of fog {unknown}
 G - 2 scrolls of enchant armour {unknown}
 T - a scroll of magic mapping {unknown}
 U - a scroll of amnesia {unknown}
Potions
 f - 2 potions of brilliance
 g - 2 potions of heal wounds
 i - 4 potions of cancellation
 k - 4 potions of haste
 n - 2 potions of curing
 t - 3 potions of flight
 u - 3 potions of lignification
 z - a potion of mutation
 F - a potion of ambrosia {unknown}
 I - 2 potions of agility {unknown}
 O - a potion of might
Comestibles
 d - 9 rations


   Skills:
 + Level 2.0 Fighting
 + Level 5.3 Short Blades
 + Level 4.5 Dodging
 + Level 15.1 Stealth
 + Level 11.0 Spellcasting
 + Level 0.1 Conjurations
 + Level 10.9 Hexes
 + Level 4.6 Ice Magic


You had 23 spell levels left.
You knew the following spells:

 Your Spells              Type           Power        Failure   Level  Hunger
a - Corona                Hex            ######.      1%          1    None
b - Ensorcelled Hibernat  Hex/Ice        ######       3%          2    None
c - Confuse               Hex            ######..     2%          3    None
d - Dazzling Spray        Conj/Hex       ######       10%         3    None

Your spell library contained the following spells:

 Spells                   Type           Power        Failure   Level  Hunger
 Confusing Touch          Hex            ######       1%          1    None
 Tukima's Dance           Hex            ######..     2%          3    None
 Metabolic Englaciation   Hex/Ice        ######....   26%         5    ####...
 Gell's Gravitas          Tloc           ###.......   50%         3    None
 Yara's Violent Unravell  Hex/Tmut       ######....   50%         5    ####...
 Petrify                  Tmut/Erth      ###.....     86%         4    ##.....


Dungeon Overview and Level Annotations

Branches:
Dungeon (9/15)             Temple (1/1) D:5             Orc (2/2) D:9
    Elf (0/3) Orc:2
   Lair: D:8-11

Altars:
Ashenzari
Cheibriados
Dithmenos
Elyvilon
Fedhas
Gozag
Hepliaklqana
Kikubaaqudgha
Makhleb
Nemelex Xobeh
Okawaru
Qazlal
Ru
Sif Muna
Trog
Uskayaw
Vehumet
Wu Jian
Xom
Yredelemnul
Zin
The Shining One
Beogh

Shops:
Orc:2 *=


Innate Abilities, Weirdness & Mutations

You are very small and have problems with some larger weapons.
You are too small for most types of armour.
You have supernaturally acute eyesight. (SInv)
You are a herbivore.
You cover ground extremely quickly.
You need to consume almost no food.
Your system is resistant to poisons. (rPois)
Your spells are harder to cast, but more powerful.
You expend magic power (3 MP) to strengthen your wands.


Message History

Confirm with . or Enter, or press ? or * to list all spells.
Aiming: Confuse (safe; 2% risk of failure)
Press: ? - help, Shift-Dir - straight line, f/p - cyclops
Aim: a cyclops (chance to defeat MR: 66%)
The cyclops appears confused.
You hit the stone giant but do no damage.
The stone giant looks as sick as possible!
The stone giant is lightly wounded.
You completely miss the stone giant.
The stone giant is lightly wounded.
You hit the stone giant.
The stone giant looks as sick as possible!
The stone giant is lightly wounded.
The cyclops hits the cyclops!
You hit the stone giant but do no damage.
The stone giant looks as sick as possible!
The stone giant is lightly wounded.
The stone giant hits you!!!
Ouch! That really hurt!
You die...

................###.##
..................##.##
......................##
.......................#
$......P..............##
..PPP. ........#...#.##
...P.. ...............#
...... .......C.......##
.P...C P.P.....@.......#
...P.. ...............##
>PPP.. .........##....#
...... ...#.CC.#....##
...... PP ##.))##.###
...... . #..((..##
.....# .....#...(..#
#..... ..#.#.#.#..##
##.#.# .......#####


You could see a stone giant (confused) and 2 cyclopes.

Vanquished Creatures
  Erolcha (Orc:1)
  Harold (D:9)
  A two-headed ogre (D:8)
  A cyclops (Orc:2)
  2 trolls
  Sigmund (D:6)
  A wyvern (D:8)
  9 yaks (D:9)
  Edmund (D:6)
  5 wargs
  Duvessa (D:4)
  A sky beast (D:5)
  2 ice beasts (D:8)
  10 orc warriors
  A black bear (D:9)
  2 phantoms
  A centaur (D:9)
  13 ogres
  Blork the orc (D:6)
  5 big kobolds (D:9)
  A gnoll sergeant (D:9)
  4 bullfrogs
  Dowan (D:4)
  2 scorpions
  6 killer bees
  8 wights (D:9)
  A jelly (D:8)
  4 howler monkeys (D:7)
  2 crimson imps
  2 bullfrog zombies (D:5)
  2 hounds
  Crazy Yiuf (D:4)
  2 centaur skeletons
  2 orc priests
  7 orc wizards
  2 iguanas
  Natasha (thrice) (D:4)
  5 worker ants
  A killer bee zombie (D:7)
  8 gnolls
  10 adders
  An ooze (D:2)
  An adder skeleton (D:7)
  2 worms
  A dart slug (D:1)
  34 orcs
  2 ball pythons (D:1)
  6 giant cockroaches
  7 goblins
  3 hobgoblins
  17 jackals
  2 kobolds
  3 quokkas
  4 bats
  7 frilled lizards
  A jackal skeleton (D:5)
  6 rats
231 creatures vanquished.

Vanquished Creatures (others)
  An orc wizard (D:7)
1 creature vanquished.

Grand Total: 232 creatures vanquished

Notes
Turn   | Place    | Note
-------+----------+-------------------------------------------
     0 | D:1      | juanjsm the Spriggan Enchanter began the quest for the Orb.
     0 | D:1      | Reached XP level 1. HP: 9/9 MP: 5/5
   138 | D:1      | Reached XP level 2. HP: 8/13 MP: 4/6
   142 | D:1      | Learned a level 2 spell: Ensorcelled Hibernation
   491 | D:1      | Reached skill level 5 in Stealth
   864 | D:2      | Reached XP level 3. HP: 14/16 MP: 3/8
   871 | D:2      | Learned a level 3 spell: Confuse
  1080 | D:2      | Found a hazy altar of Hepliaklqana.
  1562 | D:3      | Found a sacrificial altar of Ru.
  1563 | D:3      | Found a shattered altar of Ashenzari.
  1801 | D:3      | Reached XP level 4. HP: 12/21 MP: 2/10
  1806 | D:3      | Learned a level 3 spell: Dazzling Spray
  2078 | D:3      | Found an ornate altar of the Wu Jian Council.
  2338 | D:3      | Reached skill level 1 in Ice Magic
  2517 | D:4      | Noticed Duvessa
  2517 | D:4      | Noticed Dowan
  2519 | D:4      | Killed Dowan
  2519 | D:4      | Reached skill level 6 in Stealth
  2519 | D:4      | Reached XP level 5. HP: 25/25 MP: 7/11
  2668 | D:4      | Found a runed door.
  2672 | D:4      | Noticed Crazy Yiuf
  2676 | D:4      | Killed Crazy Yiuf
  2735 | D:4      | Noticed Natasha
  2736 | D:4      | Killed Natasha
  2833 | D:4      | Reached XP level 6. HP: 22/29 MP: 4/13
  3067 | D:4      | Noticed Natasha
  3315 | D:4      | Killed Natasha
  3315 | D:4      | Reached skill level 5 in Hexes
  3416 | D:4      | Noticed Natasha
  3537 | D:4      | Reached skill level 7 in Stealth
  3597 | D:4      | Killed Natasha
  3943 | D:4      | Killed Duvessa
  3943 | D:4      | Reached skill level 5 in Spellcasting
  3943 | D:4      | Reached XP level 7. HP: 28/32 MP: 4/16
  3970 | D:5      | Entered Level 5 of the Dungeon
  4334 | D:5      | Found a blossoming altar of Fedhas.
  4336 | D:5      | Found an ancient bone altar of Kikubaaqudgha.
  4384 | D:5      | Reached skill level 8 in Stealth
  4873 | D:5      | Found a staircase to the Ecumenical Temple.
  4882 | Temple   | Entered the Ecumenical Temple
  4937 | Temple   | Became a worshipper of Warmaster Okawaru
  5305 | D:6      | Noticed Sigmund
  5344 | D:6      | Noticed Edmund
  5360 | D:6      | Killed Edmund
  5390 | D:6      | Reached skill level 9 in Stealth
  5390 | D:6      | Reached XP level 8. HP: 37/37 MP: 15/18
  5425 | D:6      | Noticed Blork the orc
  5485 | D:6      | Killed Blork the orc
  5522 | D:6      | Found an opulent altar of Gozag.
  5602 | D:6      | Reached skill level 1 in Fighting
  5650 | D:6      | Killed Sigmund
  5650 | D:6      | Reached * piety under Okawaru
  5650 | D:6      | Reached skill level 10 in Stealth
  6017 | D:7      | Found a hide-covered altar of Uskayaw.
  6648 | D:7      | Reached ** piety under Okawaru
  6664 | D:7      | Reached skill level 11 in Stealth
  6664 | D:7      | Reached XP level 9. HP: 20/41 MP: 8/21
  7569 | D:8      | Noticed a two-headed ogre
  7838 | D:8      | Killed a two-headed ogre
  7838 | D:8      | Reached *** piety under Okawaru
  7838 | D:8      | Reached **** piety under Okawaru
  7838 | D:8      | Reached skill level 12 in Stealth
  8169 | D:9      | Noticed Harold
  8231 | D:9      | Killed Harold
  8231 | D:9      | Received a gift from Okawaru
  8231 | D:9      | Reached XP level 10. HP: 40/46 MP: 14/24
  8540 | D:9      | Reached ***** piety under Okawaru
  8631 | D:9      | Found a staircase to the Orcish Mines.
  8632 | D:9      | Found a shimmering altar of Xom.
  8647 | D:9      | Reached skill level 13 in Stealth
  8909 | D:9      | Reached skill level 10 in Spellcasting
  8919 | D:9      | Found a shimmering altar of Xom.
  8948 | D:9      | Found a shimmering altar of Xom.
  8949 | D:9      | Found a shimmering altar of Xom.
  9053 | D:9      | Received a gift from Okawaru
  9125 | D:9      | Reached skill level 10 in Hexes
  9334 | D:9      | Reached skill level 14 in Stealth
  9569 | D:9      | Reached skill level 5 in Short Blades
  9594 | D:9      | Found a shimmering altar of Xom.
  9733 | D:9      | Gained mutation: Your system is resistant to poisons.
                  | (rPois) [potion of mutation]
  9733 | D:9      | Gained mutation: Your spells are a little harder to cast,
                  | but a little more powerful. [potion of mutation]
  9733 | D:9      | Gained mutation: You expend magic power (3 MP) to
                  | strengthen your wands. [potion of mutation]
  9733 | D:9      | Gained mutation: Your spells are harder to cast, but more
                  | powerful. [potion of mutation]
  9738 | D:9      | Found a shimmering altar of Xom.
 10209 | Orc:1    | Entered Level 1 of the Orcish Mines
 10218 | Orc:1    | Reached XP level 11. HP: 50/50 MP: 18/26
 10255 | Orc:1    | Found a roughly hewn altar of Beogh.
 10393 | Orc:2    | Entered Level 2 of the Orcish Mines
 10501 | Orc:1    | Noticed Erolcha
 10504 | Orc:1    | Killed Erolcha
 10643 | Orc:1    | Reached skill level 15 in Stealth
 10798 | Orc:2    | Found Maig's Jewellery Shop.
 10798 | Orc:2    | Noticed an ettin
 10842 | Orc:2    | Found a staircase to the Elven Halls.
 10903 | Orc:2    | Found Atsub Lulu's General Store.
 10904 | Orc:2    | Noticed an ettin
 10917 | Orc:2    | Noticed an orc high priest
 11023 | Orc:2    | Noticed a stone giant
 11047 | Orc:2    | Slain by a stone giant

Skill      XL: |  1  2  3  4  5  6  7  8  9 10 11 |
---------------+----------------------------------+-----
Stealth        | 5 6 7 9 11 12 14 15 | 15.1
Spellcasting   | 3 4 5 6 7 9 10 11 | 11.0
Hexes          | 4 5 6 7 9 10 | 10.9
Ice Magic      | 1 2 3 4 |  4.6
Short Blades   | 2 3 4 5 |  5.3
Fighting       | 1 2 |  2.0
Dodging        | 4 |  4.5
Conjurations   | |  0.1

Action                   |  1- 3 |  4- 6 |  7- 9 | 10-12 || total
-------------------------+-------+-------+-------+-------++-------
Melee: Dagger            |   133 |   115 |   205 |   153 ||   606
 Cast: Corona            |     5 |     1 |       |       ||     6
       Ensorcelled Hiber |    35 |    46 |    63 |    79 ||   223
       Confuse           |     3 |    16 |    48 |    39 ||   106
       Dazzling Spray    |       |     2 |     3 |     5 ||    10
  Use: Scroll            |       |     2 |     6 |     2 ||    10
       Potion            |       |       |     2 |     1 ||     3
 Stab: Sleeping          |    25 |    24 |    53 |    44 ||   146
       Confused          |     3 |     3 |    30 |    20 ||    56
       Invisible         |       |       |     1 |     3 ||     4
       Distracted        |       |       |       |     1 ||     1
  Eat: Ration            |       |     3 |     2 |     1 ||     6
Armor: Robe              |     4 |     4 |     5 |     4 ||    17
       Troll leather arm |       |       |       |     1 ||     1
Dodge: Dodged            |    97 |    69 |    97 |    69 ||   332
